| TOP OF THE 1ST |
|
Augusta GreenJackets batting - Pitching for Wisconsin Timber Rattlers : RHP Mark Hincks
|
|
Pitching: RHP Mark Hincks
|
|
|
Batting: RHB Devin Lowery
|
0-0: Called Strike 0-1: Called Strike 0-2: Foul Ball, location: 2F 0-2: Ball 1-2: Ball 2-2: Strikes out swinging
|
|
Batting: RHB Ian Richardson
|
0-0: Swinging Strike 0-1: Swinging Strike 0-2: Strikes out swinging
|
|
Batting: LHB Carey Horncole
|
0-0: Foul Ball, location: 2F 0-1: Foul Ball, location: 2F 0-2: Ball 1-2: Ball 2-2: Ball 3-2: SINGLE (Line Drive, 5D, EV 98.8 MPH)
|
|
Batting: LHB Gabe Velez
|
0-0: Called Strike 0-1: Called Strike Carey Horncole steals 2nd base 0-2: Ball 1-2: Ball 2-2: Ball 3-2: Base on Balls
|
|
Batting: RHB Chris King
|
0-0: Ball Passed Ball! Carey Horncole to third Gabe Velez to second 1-0: Foul Ball, location: 2F 1-1: Swinging Strike 1-2: Ball 2-2: Ball 3-2: Foul Ball, location: 2F 3-2: Strikes out swinging
|
| Top of the 1st over - 0 runs, 1 hit, 0 errors, 2 left on base; Augusta 0 - Wisconsin 0 |
| BOTTOM OF THE 1ST |
|
Wisconsin Timber Rattlers batting - Pitching for Augusta GreenJackets : RHP Josh Harriston
|
|
Pitching: RHP Josh Harriston
|
|
|
Batting: RHB John Freeman
|
0-0: Ball 1-0: Called Strike 1-1: SINGLE (Line Drive, 6MD, EV 95.0 MPH)
|
|
Batting: RHB Nick Garland
|
0-0: Ball 1-0: Called Strike 1-1: Called Strike 1-2: Grounds into double play, 4-6-3 (Groundball, 4, EV 81.2 MPH)
|
|
Batting: RHB Eddie McCoy
|
0-0: Ground out 5-3 (Groundball, 56S, EV 71.2 MPH)
|
| Bottom of the 1st over - 0 runs, 1 hit, 0 errors, 0 left on base; Augusta 0 - Wisconsin 0 |
| TOP OF THE 2ND |
|
Augusta GreenJackets batting - Pitching for Wisconsin Timber Rattlers : RHP Mark Hincks
|
|
Batting: LHB Terry Ebersole
|
0-0: Ball 1-0: Ball 2-0: Called Strike 2-1: Ball 3-1: Foul Ball, location: 2F 3-2: Foul Ball, location: 2F 3-2: Fly out, F8 (Flyball, 78M, EV 91.9 MPH)
|
|
Batting: RHB Doug Kennie
|
0-0: Swinging Strike 0-1: Ball 1-1: Ball 2-1: SINGLE (Line Drive, 4D, EV 96.2 MPH)
|
|
Batting: RHB Gabe Ochoa
|
0-0: Ball 1-0: Ball 2-0: DOUBLE (Line Drive, 9LM, EV 96.2 MPH) Doug Kennie to third
|
|
Batting: RHB Alfredo Lemus
|
0-0: Ball 1-0: Foul Ball, location: 2F 1-1: Ball 2-1: Called Strike 2-2: Strikes out looking
|
|
Batting: RHB Devin Lowery
|
0-0: Called Strike 0-1: Called Strike 0-2: Fly out, F9 (Flyball, 9S, EV 87.5 MPH)
|
| Top of the 2nd over - 0 runs, 2 hits, 0 errors, 2 left on base; Augusta 0 - Wisconsin 0 |
| BOTTOM OF THE 2ND |
|
Wisconsin Timber Rattlers batting - Pitching for Augusta GreenJackets : RHP Josh Harriston
|
|
Batting: RHB Jeff Cornett
|
0-0: Called Strike 0-1: Called Strike 0-2: Strikes out swinging
|
|
Batting: LHB Andy Sanchez
|
0-0: Called Strike 0-1: Called Strike 0-2: Strikes out looking
|
|
Batting: RHB Dave Bateman
|
0-0: Called Strike 0-1: Called Strike 0-2: Foul Ball, location: 2F 0-2: Ground out 1-3 (Groundball, P, EV 58.8 MPH)
|
| Bottom of the 2nd over - 0 runs, 0 hits, 0 errors, 0 left on base; Augusta 0 - Wisconsin 0 |
| TOP OF THE 3RD |
|
Augusta GreenJackets batting - Pitching for Wisconsin Timber Rattlers : RHP Mark Hincks
|
|
Batting: RHB Ian Richardson
|
0-0: Swinging Strike 0-1: Called Strike 0-2: SOLO HOME RUN (Flyball, 9LD, EV 91.2 MPH), Distance : 351 ft
|
|
Batting: LHB Carey Horncole
|
0-0: Ball 1-0: Called Strike 1-1: Ball 2-1: Foul Ball, location: 2F 2-2: Ball 3-2: Ground out 4-3 (Groundball, 4, EV 83.8 MPH)
|
|
Batting: LHB Gabe Velez
|
0-0: Foul Ball, location: 2F 0-1: Foul Ball, location: 2F 0-2: Strikes out swinging, 2-3 out at first.
|
|
Batting: RHB Chris King
|
0-0: SOLO HOME RUN (Flyball, 78XD, EV 102.5 MPH), Distance : 394 ft
|
|
Batting: LHB Terry Ebersole
|
0-0: Ball 1-0: Ball 2-0: Ball 3-0: Called Strike 3-1: Foul Ball, location: 2F 3-2: Base on Balls
|
|
Batting: RHB Doug Kennie
|
0-0: Ball 1-0: Foul Ball, location: 2F 1-1: Ball 2-1: Called Strike 2-2: Fielders Choice at 2nd, 6-4 (Groundball, 6, EV 98.8 MPH)
|
| Top of the 3rd over - 2 runs, 2 hits, 0 errors, 1 left on base; Augusta 2 - Wisconsin 0 |
| BOTTOM OF THE 3RD |
|
Wisconsin Timber Rattlers batting - Pitching for Augusta GreenJackets : RHP Josh Harriston
|
|
Batting: RHB Bryant Thies
|
0-0: Ball 1-0: Swinging Strike 1-1: Ball 2-1: Hit by Pitch
|
|
Batting: RHB Raymond Young
|
0-0: Ball 1-0: Foul Ball, location: 2F 1-1: Ball 2-1: Foul Ball, location: 2F 2-2: Fly out, F6 (Flyball, 6D, EV 88.1 MPH)
|
|
Batting: RHB Tyler Badillo
|
0-0: Ball Wild Pitch! Bryant Thies to second 1-0: Called Strike 1-1: Called Strike Bryant Thies steals 3rd base (no throw) 1-2: Ground out 6-3 (Groundball, 6M, EV 87.5 MPH) Bryant Thies scores
|
|
Batting: RHB John Freeman
|
0-0: Fly out, F9 (Flyball, 9, EV 78.1 MPH)
|
| Bottom of the 3rd over - 1 run, 0 hits, 0 errors, 0 left on base; Augusta 2 - Wisconsin 1 |
| TOP OF THE 4TH |
|
Augusta GreenJackets batting - Pitching for Wisconsin Timber Rattlers : RHP Mark Hincks
|
|
Batting: RHB Gabe Ochoa
|
0-0: Foul Ball, location: 2F 0-1: Foul Ball, location: 2F 0-2: Ball 1-2: Foul Ball, location: 2F 1-2: Ball 2-2: Ground out 6-3 (Groundball, 56, EV 85.6 MPH)
|
|
Batting: RHB Alfredo Lemus
|
0-0: Called Strike 0-1: Ball 1-1: Ball 2-1: Foul Ball, location: 2F 2-2: Ball 3-2: Ground out 5-3 (Groundball, 56S, EV 91.9 MPH)
|
|
Batting: RHB Devin Lowery
|
0-0: Ball 1-0: Ball 2-0: Ball 3-0: Called Strike 3-1: Ground out 6-3 (Groundball, 6, EV 91.2 MPH)
|
| Top of the 4th over - 0 runs, 0 hits, 0 errors, 0 left on base; Augusta 2 - Wisconsin 1 |
| BOTTOM OF THE 4TH |
|
Wisconsin Timber Rattlers batting - Pitching for Augusta GreenJackets : RHP Josh Harriston
|
|
Batting: RHB Nick Garland
|
0-0: Ball 1-0: Foul Ball, location: 2F 1-1: Foul Ball, location: 2F 1-2: Foul Ball, location: 2F 1-2: Ground out 6-3 (Groundball, 6, EV 83.8 MPH)
|
|
Batting: RHB Eddie McCoy
|
0-0: Ball 1-0: Swinging Strike 1-1: Called Strike 1-2: Ground out 2-3 (Groundball, 15S, EV 72.5 MPH)
|
|
Batting: RHB Jeff Cornett
|
0-0: Ball 1-0: Swinging Strike 1-1: Ball 2-1: Foul Ball, location: 2F 2-2: Ball 3-2: Strikes out swinging
|
| Bottom of the 4th over - 0 runs, 0 hits, 0 errors, 0 left on base; Augusta 2 - Wisconsin 1 |
| TOP OF THE 5TH |
|
Augusta GreenJackets batting - Pitching for Wisconsin Timber Rattlers : RHP Mark Hincks
|
|
Batting: RHB Ian Richardson
|
0-0: Called Strike 0-1: Swinging Strike 0-2: Strikes out looking
|
|
Batting: LHB Carey Horncole
|
0-0: Ball 1-0: Ball 2-0: Called Strike 2-1: Foul Ball, location: 2F 2-2: Ball 3-2: Base on Balls
|
|
Batting: LHB Gabe Velez
|
0-0: Called Strike Carey Horncole steals 2nd base 0-1: DOUBLE (Groundball, 3L, EV 106.2 MPH) Carey Horncole scores
|
|
Batting: RHB Chris King
|
0-0: Ball Wild Pitch! Gabe Velez to third 1-0: Ball 2-0: Foul Ball, location: 2F 2-1: Ball 3-1: Base on Balls
|
|
Pitching: LHP Tom Barone
|
|
|
Batting: LHB Terry Ebersole
|
0-0: Foul Ball, location: 2F 0-1: Foul Ball, location: 2F 0-2: Ball 1-2: Fielders Choice at 2nd, 4-6 (Groundball, 4MD, EV 78.8 MPH) Gabe Velez scores
|
|
Batting: RHB Doug Kennie
|
0-0: Ball 1-0: Ball 2-0: Fielders Choice at 2nd, 5-4 (Groundball, 5L, EV 101.2 MPH)
|
| Top of the 5th over - 2 runs, 1 hit, 0 errors, 1 left on base; Augusta 4 - Wisconsin 1 |
| BOTTOM OF THE 5TH |
|
Wisconsin Timber Rattlers batting - Pitching for Augusta GreenJackets : RHP Josh Harriston
|
|
Batting: LHB Andy Sanchez
|
0-0: Ball 1-0: Foul Ball, location: 2F 1-1: Ground out 4-3 (Groundball, 34D, EV 100.6 MPH)
|
|
Batting: RHB Dave Bateman
|
0-0: Called Strike 0-1: Ball 1-1: Ball 2-1: Fly out, F8 (Flyball, 89M, EV 80.0 MPH)
|
|
Batting: RHB Bryant Thies
|
0-0: SINGLE (Line Drive, 34D, EV 99.4 MPH)
|
|
Batting: RHB Raymond Young
|
0-0: Ball Bryant Thies steals 2nd base 1-0: Ball 2-0: Called Strike 2-1: Ball 3-1: Called Strike 3-2: SINGLE (Groundball, 6MD, EV 100.0 MPH) Bryant Thies to third Runner from 3rd tries for Home, SAFE, throw by CF to home
|
|
Batting: RHB Tyler Badillo
|
0-0: Fielders Choice at 2nd, 6-4 (Groundball, 6, EV 90.0 MPH)
|
| Bottom of the 5th over - 1 run, 2 hits, 0 errors, 1 left on base; Augusta 4 - Wisconsin 2 |
| TOP OF THE 6TH |
|
Augusta GreenJackets batting - Pitching for Wisconsin Timber Rattlers : LHP Tom Barone
|
|
Batting: RHB Gabe Ochoa
|
0-0: Ball 1-0: Ball 2-0: Ground out 4-3 (Groundball, 4, EV 84.4 MPH)
|
|
Batting: RHB Alfredo Lemus
|
0-0: Ball 1-0: Ball 2-0: Ground out 5-3 (Groundball, 5S, EV 67.5 MPH)
|
|
Batting: RHB Devin Lowery
|
0-0: Fly out, F9 (Flyball, 9LS, EV 90.6 MPH)
|
| Top of the 6th over - 0 runs, 0 hits, 0 errors, 0 left on base; Augusta 4 - Wisconsin 2 |
| BOTTOM OF THE 6TH |
|
Wisconsin Timber Rattlers batting - Pitching for Augusta GreenJackets : RHP Josh Harriston
|
|
Batting: RHB John Freeman
|
0-0: Foul Ball, location: 2F 0-1: Foul Ball, location: 2F 0-2: Fly out, F6 (Popup, 6M, EV 74.4 MPH)
|
|
Batting: RHB Nick Garland
|
0-0: Called Strike 0-1: Ball 1-1: Ball 2-1: Ball 3-1: Fly out, F9 (Line Drive, 9D, EV 86.9 MPH)
|
|
Batting: RHB Eddie McCoy
|
0-0: Ball 1-0: Called Strike 1-1: Called Strike 1-2: Ball 2-2: DOUBLE (Flyball, 8RXD, EV 97.5 MPH)
|
|
Batting: RHB Jeff Cornett
|
0-0: Fly out, F8 (Flyball, 8RD, EV 101.2 MPH)
|
| Bottom of the 6th over - 0 runs, 1 hit, 0 errors, 1 left on base; Augusta 4 - Wisconsin 2 |
| TOP OF THE 7TH |
|
Augusta GreenJackets batting - Pitching for Wisconsin Timber Rattlers : LHP Tom Barone
|
|
Pitching: LHP Paul Schumacher
|
|
|
Batting: RHB Ian Richardson
|
0-0: Called Strike 0-1: Foul Ball, location: 2F 0-2: SINGLE (Line Drive, 8LS, EV 95.6 MPH)
|
|
Batting: LHB Carey Horncole
|
0-0: Called Strike 0-1: Ball 1-1: Ball 2-1: Foul Ball, location: 2F 2-2: Ball 3-2: Foul Ball, location: 2F 3-2: Foul Ball, location: 2F 3-2: Fly out, F9 (Flyball, 9D, EV 72.5 MPH)
|
|
Batting: LHB Gabe Velez
|
0-0: Called Strike 0-1: Ball Ian Richardson steals 2nd base (no throw) 1-1: Ball 2-1: Called Strike 2-2: Strikes out swinging
|
|
Batting: RHB Chris King
|
0-0: Fly out, F4 (Popup, 4S, EV 66.2 MPH)
|
| Top of the 7th over - 0 runs, 1 hit, 0 errors, 1 left on base; Augusta 4 - Wisconsin 2 |
| BOTTOM OF THE 7TH |
|
Wisconsin Timber Rattlers batting - Pitching for Augusta GreenJackets : RHP Josh Harriston
|
|
Batting: LHB Andy Sanchez
|
0-0: Ball 1-0: Ball 2-0: Foul Ball, location: 2F 2-1: Ball 3-1: DOUBLE (Groundball, 3L, EV 103.8 MPH)
|
|
Batting: RHB Dave Bateman
|
0-0: Called Strike 0-1: Ground out 6-3 (Groundball, 6S, EV 65.0 MPH) Andy Sanchez to third
|
|
Batting: RHB Bryant Thies
|
0-0: Reached on error, E5 (Groundball, 56, EV 101.9 MPH) Andy Sanchez scores
|
|
Batting: RHB Raymond Young
|
0-0: Ball Bryant Thies steals 2nd, throwing error, E2 Bryant Thies to third 1-0: Ball 2-0: Ball Passed Ball! Bryant Thies scores 3-0: Base on Balls
|
|
Pitching: LHP Tommy McCusker
|
|
|
Batting: RHB Tyler Badillo
|
0-0: Ball 1-0: Foul Ball, location: 2F 1-1: Ball 2-1: Foul Ball, location: 2F 2-2: Strikes out swinging
|
|
Batting: RHB John Freeman
|
0-0: Ball 1-0: Ball 2-0: Foul Ball, location: 2F 2-1: Ball 3-1: DOUBLE (Line Drive, 78D, EV 107.5 MPH) Raymond Young to third
|
|
Batting: RHB Nick Garland
|
0-0: Called Strike 0-1: Swinging Strike 0-2: Ball 1-2: Ball 2-2: Fly out, F8 (Flyball, 8RS, EV 91.9 MPH)
|
| Bottom of the 7th over - 2 runs, 2 hits, 2 errors, 2 left on base; Augusta 4 - Wisconsin 4 |
| TOP OF THE 8TH |
|
Augusta GreenJackets batting - Pitching for Wisconsin Timber Rattlers : LHP Paul Schumacher
|
|
Batting: LHB Terry Ebersole
|
0-0: SINGLE (Groundball, 4D, EV 101.9 MPH)
|
|
Batting: RHB Doug Kennie
|
0-0: Ball 1-0: Ball 2-0: Called Strike 2-1: Ball 3-1: Base on Balls Terry Ebersole to second
|
|
Batting: RHB Gabe Ochoa
|
0-0: Ball 1-0: Bunt missed! 1-1: Ball 2-1: Bunted foul 2-2: Foul Ball, location: 2F 2-2: Ball 3-2: Foul Ball, location: 2F 3-2: Hit by Pitch Terry Ebersole to third Doug Kennie to second
|
|
Pinch Runner at 1st Drew Duncan:
|
|
|
Batting: RHB Alfredo Lemus
|
0-0: Grounds into fielders choice 6-2 (Groundball, P, EV 76.9 MPH) Doug Kennie to third Drew Duncan to second
|
|
Batting: RHB Devin Lowery
|
0-0: Called Strike 0-1: Grounds into fielders choice 1-2 (Groundball, P, EV 66.2 MPH) Drew Duncan to third Alfredo Lemus to second
|
|
Batting: RHB Ian Richardson
|
0-0: GRAND SLAM HOME RUN (Line Drive, 7D, EV 101.2 MPH), Distance : 383 ft
|
|
Pitching: RHP Brian Harper
|
|
|
Batting: LHB Carey Horncole
|
0-0: Called Strike 0-1: DOUBLE (Flyball, 9LD, EV 100.0 MPH)
|
|
Batting: LHB Gabe Velez
|
0-0: Called Strike 0-1: Swinging Strike 0-2: Strikes out looking
|
| Top of the 8th over - 4 runs, 3 hits, 0 errors, 1 left on base; Augusta 8 - Wisconsin 4 |
| BOTTOM OF THE 8TH |
|
Wisconsin Timber Rattlers batting - Pitching for Augusta GreenJackets : LHP Tommy McCusker
|
|
Pitching: RHP Mike Richards
|
|
|
Now at 2B: Juan Flores
|
|
|
Batting: RHB Eddie McCoy
|
0-0: Ball 1-0: Ball 2-0: Fly out, F8 (Flyball, 8RD, EV 105.0 MPH)
|
|
Batting: RHB Jeff Cornett
|
0-0: Ball 1-0: Foul Ball, location: 2F 1-1: Ball 2-1: Ball 3-1: Swinging Strike 3-2: Foul Ball, location: 2F 3-2: Ground out 5-3 (Groundball, 56, EV 82.5 MPH)
|
|
Batting: LHB Andy Sanchez
|
0-0: Ball 1-0: SINGLE (Line Drive, 89S, EV 90.6 MPH)
|
|
Batting: RHB Dave Bateman
|
0-0: Ground out U3 (Groundball, 13, EV 88.1 MPH)
|
| Bottom of the 8th over - 0 runs, 1 hit, 0 errors, 1 left on base; Augusta 8 - Wisconsin 4 |
| TOP OF THE 9TH |
|
Augusta GreenJackets batting - Pitching for Wisconsin Timber Rattlers : RHP Brian Harper
|
|
Batting: RHB Chris King
|
0-0: Ball 1-0: Fly out, F9 (Line Drive, 9, EV 103.8 MPH)
|
|
Batting: LHB Terry Ebersole
|
0-0: Called Strike 0-1: Ball 1-1: SINGLE (Groundball, 4, EV 98.1 MPH)
|
|
Batting: RHB Doug Kennie
|
0-0: Ball 1-0: Called Strike 1-1: Fly out, F4 (Flyball, 4MD, EV 83.8 MPH)
|
|
Batting: RHB Juan Flores
|
0-0: Called Strike 0-1: Foul Ball, location: 2F Balk! Terry Ebersole to second 0-2: Ball 1-2: Ball 2-2: Fly out, F9 (Flyball, 9LS, EV 91.9 MPH)
|
| Top of the 9th over - 0 runs, 1 hit, 0 errors, 1 left on base; Augusta 8 - Wisconsin 4 |
| BOTTOM OF THE 9TH |
|
Wisconsin Timber Rattlers batting - Pitching for Augusta GreenJackets : RHP Mike Richards
|
|
Pitching: LHP Travis Stichter
|
|
|
Batting: RHB Bryant Thies
|
0-0: Foul Ball, location: 2F 0-1: Ball 1-1: Swinging Strike 1-2: Foul Ball, location: 2F 1-2: Strikes out swinging
|
|
Batting: RHB Raymond Young
|
0-0: Ball 1-0: Called Strike 1-1: Ball 2-1: Foul Ball, location: 2F 2-2: Strikes out swinging
|
|
Batting: RHB Tyler Badillo
|
0-0: Ball 1-0: Called Strike 1-1: Ball 2-1: Ball 3-1: Fly out, F9 (Flyball, 9D, EV 105.6 MPH)
|
| Bottom of the 9th over - 0 runs, 0 hits, 0 errors, 0 left on base; Augusta 8 - Wisconsin 4 |
|